 Dungeon Crawl Stone Soup version 0.31.0-11-ge490571c62 (webtiles) character file.

Game seed: 7532094763634732727

22 qw the Shooter (level 2, -1/16 HPs)
             Began as a Deep Elf Hunter on Feb 4, 2024.
             Slain by a ribbon worm (8 damage)
             ... on level 2 of the Dungeon.
             The game lasted 00:00:04 (827 turns).

qw the Shooter (Deep Elf Hunter)                     Turns: 827, Time: 00:00:04

Health: -1/16      AC:  4    Str:  8    XL:     2   Next: 68%
Magic:  4/4        EV: 12    Int: 13    God:
Gold:   60         SH:  0    Dex: 18    Spells: 1/1 levels left

rFire   . . .        a - +0 shortbow
rCold   . . .        (shield currently unavailable)
rNeg    . . .        c - +0 leather armour
rPois   .            e - +0 helmet
rElec   .            (no cloak)
rCorr   .            (no gloves)
SInv    .            (no boots)
Will    .....        (no amulet)
Stlth   ++           (no ring)
HPRegen 0.22/turn    (no ring)
MPRegen 0.09/turn

%: no passive effects
@: no status effects
A: no striking features
a: no special abilities


You were on level 2 of the Dungeon.
You visited 1 branch of the dungeon, and saw 2 of its levels.

You collected 60 gold pieces.


   Skills:
 - Level 1.5 Fighting
 + Level 6.4 Ranged Weapons
 - Level 2.4 Dodging
 - Level 1.2 Stealth


You had one spell level left.
You didn't know any spells.
Your spell library was empty.

Inventory:

Hand Weapons
 a - a +0 shortbow (weapon)
Armour
 c - a +0 leather armour (worn)
 e - a +0 helmet (worn)
Scrolls
 b - a scroll of vulnerability {unknown}
Potions
 d - a potion of mutation
 g - a potion of heal wounds

Dungeon Overview and Level Annotations

Branches:
Dungeon (2/15)

Altars:


Message History

You kill the bat!
Found a stone staircase leading down.
Found a spear.
You see here a +0 spear.
You now have 60 gold pieces (gained 11).
A ribbon worm and an endoplasm come into view.
Found 11 gold pieces.
You shoot an arrow. The arrow hits the ribbon worm.
The ribbon worm is lightly wounded.
You shoot an arrow.
The arrow barely misses the ribbon worm.
You shoot an arrow.
The arrow hits the ribbon worm but does no damage.
The endoplasm quivers.
The ribbon worm bites you.
You shoot an arrow. The arrow hits the ribbon worm.
The ribbon worm is moderately wounded.
The ribbon worm expels a string of sticky webbing.
The stream of webbing hits you but does no damage.
You are caught in a web!
The web tears apart.
The ribbon worm bites you!
Ouch! That really hurt!
823 ||| DRINKING 2 potions of heal wounds.
You feel much better. The ribbon worm bites you!
You shoot an arrow.
The arrow hits the ribbon worm but does no damage.
The ribbon worm is lightly wounded.
The ribbon worm bites you.
You shoot an arrow.
The arrow barely misses the ribbon worm.
You shoot an arrow.
The arrow hits the ribbon worm but does no damage.
The ribbon worm closely misses you.
You shoot an arrow. The arrow hits the ribbon worm.
The ribbon worm is moderately wounded.
The ribbon worm bites you!
Ouch! That really hurt!
You die...

.# .# .# .# .#
########.####.#
.....Jw.....$.#
#..########@.#
#...........##
...# ##.####...###
...# #.#.# ...#
#.#.# ... ##.#.#
.##########..#.###
......%..........#
....######..##.#.#


You could see a ribbon worm and an endoplasm.

Vanquished Creatures
  7 endoplasms
  2 hobgoblins
  2 bats
  5 kobolds
  6 rats (D:1)
22 creatures vanquished.

Notes
Turn   | Place    | Note
-------+----------+-------------------------------------------
     0 | D:1      | qw the Deep Elf Hunter began the quest for the Orb.
     0 | D:1      | Reached XP level 1. HP: 12/12 MP: 3/3
     0 | D:1      | 0 ||| qw: Version: 0.3-a-160-g6735b56
     0 | D:1      | 0 ||| qw: Game counter: 4795
     0 | D:1      | 0 ||| qw: Melee chars always use a shield: true
     0 | D:1      | 0 ||| qw: God list: Okawaru
     0 | D:1      | 0 ||| qw: Allow faded altars: false
     0 | D:1      | 0 ||| qw: Do Orc after clearing Dungeon:15 true
     0 | D:1      | 0 ||| qw: Do second Lair branch before Depths: true
     0 | D:1      | 0 ||| qw: Lair rune preference: random
     0 | D:1      | 0 ||| qw: Goals: Normal
     0 | D:1      | 0 ||| PLANNING D:1-11
   128 | D:1      | Reached XP level 2. HP: 16/16 MP: 4/4
   168 | D:1      | Reached skill level 6 in Ranged Weapons
   502 | D:1      | 502 ||| UPGRADING to +0 helmet.
   507 | D:1      | 507 ||| READING 2 scrolls labelled VEOMPI QIHOPRA.
   507 | D:1      | 507 ||| IDENTIFYING golden potion
   508 | D:1      | 508 ||| READING scroll of identify.
   508 | D:1      | 508 ||| IDENTIFYING 2 glowing amethyst potions
   509 | D:1      | 509 ||| READING scroll labelled SOWAOXILIE.
   510 | D:1      | 510 ||| DROPPING scroll of butterflies.
   512 | D:1      | 512 ||| Stepping ~*~*~tactically~*~*~ (cloud).
   518 | D:1      | HP: 4/16 [poisoned by you (poison gas)]
   822 | D:2      | HP: 2/16 [ribbon worm (8)]
   823 | D:2      | 823 ||| DRINKING 2 potions of heal wounds.
   827 | D:2      | Slain by a ribbon worm

Levels and vault maps discovered:
D:1:      eino_arrival_druids_welcome, layout_loops_ring
D:2:      layout_basic, basic_altar

Skill      XL: |  1  2 |
---------------+-------+-----
Ranged Weapons | 6 |  6.4
Fighting       | |  1.5
Dodging        | |  2.4
Stealth        | |  1.2

Action                     || total
---------------------------++-------
   Fire: Shortbow          ||    48
    Use: Scroll            ||     3
         Potion            ||     1
 Armour: Leather armour    ||    11
  Dodge: Dodged            ||     8

Table legend:
 A = Non-vault XP
 B = Vault XP
 C = Vault XP percentage of total XP
 D = Non-vault monster count
 E = Vault monster count
 F = Vault count percentage of total count
                 A         B        C        D         E       F
            +---------+---------+-------+---------+---------+-------
      Total |      32 |       0 |   0.0 |      22 |       0 |   0.0
            +---------+---------+-------+---------+---------+-------
        D:1 |      22 |       0 |   0.0 |      16 |       0 |   0.0
        D:2 |      10 |       0 |   0.0 |       6 |       0 |   0.0
            +---------+---------+-------+---------+---------+-------
